 Dungeon Crawl Stone Soup version 0.27-a0-1202-ge72e49191c (webtiles) character file.

Game seed: 17602023170021705815

3489 polve the Slicer (level 9, 0/73 HPs)
             Began as a Demonspawn Abyssal Knight on June 2, 2021.
             Was an Elder of Lugonu.
             Succumbed to a redback's poison
             ... on level 7 of the Dungeon.
             The game lasted 00:10:00 (9863 turns).

polve the Slicer (Demonspawn Abyssal Knight)        Turns: 9863, Time: 00:10:00

Health: 0/73       AC:  5    Str: 19    XL:     9   Next: 80%
Magic:  6/10       EV: 10    Int: 18    God:    Lugonu [****..]
Gold:   371        SH:  5    Dex: 13    Spells: 5/8 levels left

rFire    + . .     SeeInvis .   g - +2 dagger (venom)
rCold    + . .     Faith    .   (no shield)
rNeg     + . .     Spirit   .   n - +0 ring mail
rPois    +         Reflect  +   (no helmet)
rElec    +         Harm     .   (no cloak)
rCorr    +         Rampage  .   (no gloves)
Will     .....                  (no boots)
Stlth    +.........             b - amulet of reflection
HPRegen  0.22/turn              j - +6 ring of strength
MPRegen  0.12/turn              u - ring of positive energy

@: lethally poisoned (0 -> -33), resistant
A: claws 2, ignite blood 1, powered by death 1, big brain 1
a: Renounce Religion, Depart the Abyss, Bend Space, Banish, Corrupt


You were on level 7 of the Dungeon.
You worshipped Lugonu.
Lugonu was greatly pleased with you.
You visited 1 branch of the dungeon, and saw 8 of its levels.
You visited the Abyss 1 time.

You collected 371 gold pieces.

Inventory:

Hand Weapons
 g - a +2 dagger of venom (weapon)
 t - a +0 lajatang
Missiles
 l - 138 stones
 B - 5 atropa-tipped darts
Armour
 n - a +0 ring mail (worn)
 C - a +0 pair of gloves
Jewellery
 b - an amulet of reflection (around neck)
 j - a +6 ring of strength (left claw)
 u - a ring of positive energy (right claw)
 A - an amulet of magic regeneration
Wands
 D - a wand of polymorph (5)
 E - a wand of charming (8)
Scrolls
 a - 4 scrolls of teleportation {unknown}
 d - 4 scrolls of identify {unknown}
 h - 3 scrolls of fear {unknown}
 i - a scroll of vulnerability {unknown}
 p - a scroll of enchant armour {unknown}
 q - a scroll of magic mapping {unknown}
 s - 2 scrolls of torment {unknown}
 v - a scroll of fog {unknown}
 y - a scroll of immolation {unknown}
Potions
 c - 3 potions of degeneration {unknown}
 e - 2 potions of resistance
 f - 6 potions of heal wounds {unknown}
 k - 2 potions of ambrosia {unknown}
 m - a potion of brilliance {unknown}
 o - 4 potions of lignification {unknown}
 r - 3 potions of flight {unknown}
 w - 2 potions of curing {unknown}
 x - 2 potions of haste {unknown}
 z - a potion of mutation {unknown}


   Skills:
 + Level 7.6 Fighting
 - Level 8.0 Short Blades
 - Level 1.7 Armour
 - Level 0.8 Dodging
 - Level 8.0 Earth Magic
 - Level 2.4 Invocations


You had 5 spell levels left.
You knew the following spells:

 Your Spells              Type           Power      Damage    Failure   Level
a - Sandblast             Erth           56%        2d13      1%          1
b - Passwall              Tmut/Erth      11%        N/A       11%         2

Your spell library contained the following spells:

 Spells                   Type           Power      Damage    Failure   Level
 Stone Arrow              Conj/Erth      28%        3d8       22%         3
 Animate Skeleton         Necr           0%         N/A       36%         1
 Pain                     Necr           0%         1d4       36%         1
 Lee's Rapid Deconstruct  Erth           14%        3d10*     36%         5
 Petrify                  Tmut/Erth      14%        N/A       58%         4
 Confusing Touch          Hex            0%         N/A       75%         3
 Gell's Gravitas          Tloc           0%         N/A       75%         3
 Vampiric Draining        Necr           0%         2d6       75%         3
 Animate Dead             Necr           0%         N/A       98%         4
 Agony                    Necr           0%         N/A       100%        5
 Metabolic Englaciation   Hex/Ice        0%         N/A       100%        5
 Yara's Violent Unravell  Hex/Tmut       0%         3d3       100%        5


Dungeon Overview and Level Annotations

Branches:
Dungeon (8/15)             Temple (0/1) D:5
   Lair: D:8-11

Altars:
Cheibriados
Dithmenos
Elyvilon
Trog
Xom
Yredelemnul

Annotations:
D:4 3 runed translucent doors, Lanoc's ghost, amateur DjFE; tilp's ghost, amateur BaSu
D:7 2 runed translucent doors


Innate Abilities, Weirdness & Mutations

You have very sharp fingernails.
Your demonic aura sometimes causes spilled blood to erupt in flames.
You regenerate a little health from kills.
You have an unusually large brain. (Int +2)


Message History

The scorpion is heavily wounded.
You feel sick. The scorpion closely misses you.
You hit the scorpion but do no damage.
The scorpion looks as sick as possible!
The scorpion is severely wounded.
You feel sick.
You kill the scorpion!
Lugonu accepts your kill.
Casting: Sandblast (safe; 1% risk of failure)
Confirm with . or Enter, or press ? or * to list all spells.
Aiming: Sandblast (safe; 1% risk of failure)
Press: ? - help, Shift-Dir - straight line, f - redback
Aim: a redback (76% to hit)
The blast of sand hits the redback!
The redback is heavily wounded.
You feel sick. The redback misses you. The redback barely misses you.
Casting: Sandblast (safe; 1% risk of failure)
Confirm with . or Enter, or press ? or * to list all spells.
Aiming: Sandblast (safe; 1% risk of failure)
Press: ? - help, Shift-Dir - straight line, f/p - redback
Aim: a redback (heavily wounded, 76% to hit)
The blast of sand hits the redback!
The redback is severely wounded.
You feel sick. The redback bites you!
You are lethally poisoned!
The redback poisons you!
Casting: Sandblast (safe; 1% risk of failure)
Confirm with . or Enter, or press ? or * to list all spells.
Aiming: Sandblast (safe; 1% risk of failure)
Press: ? - help, Shift-Dir - straight line, f/p - redback
Aim: a redback (severely wounded, 76% to hit)
The blast of sand misses the redback.
The blast of sand hits the redback!
The redback is heavily wounded.
* * * LOW HITPOINT WARNING * * *
You feel extremely sick. You block the redback's attack.
The redback closely misses you.
* * * LOW HITPOINT WARNING * * *
You feel extremely sick.
It was a potion of resistance.
You feel protected.
You die...

#.#####........####..............
#.# ##..######..# #......#.......
#.###..##....##.###......#.......
#.##..##+.!...#..##......#.......
#....##y#.....##..#......#.......
...###y.##....s#..#......##..)...
####...yy###'###.........##......
#)+yy.yyy#?[Sss.°####............
####yy.yy###'###@.....####)......
...###yy##..sS.#..##### #<......
##...##y#.....##..# #.).....
###..##+.....#...# #.......
#...##?...##...# ##......
#....######...## ##..(..
##............# ######
##..........## ############


You could see 2 redbacks, a scorpion and 2 adders.

Vanquished Creatures
  Sigmund (D:5)
  A redback (D:7)
  6 yaks (D:4)
  3 sky beasts (D:6)
  2 black bears
  An orc warrior (D:6)
  An ogre (D:6)
  A phantom (D:4)
  A bullfrog (D:7)
  5 scorpions
  A wyvern zombie (D:7)
  A water moccasin zombie (D:5)
  A wyvern skeleton (D:5)
  4 wights (D:6)
  2 bullfrog zombies
  A jelly (D:4)
  7 hounds
  An orc priest (D:6)
  2 gnoll shamans
  3 bullfrog skeletons
  2 iguanas
  A scorpion zombie (D:5)
  3 orc wizards
  A hound skeleton (D:4)
  8 gnolls
  7 adders
  2 shadow imps
  A white imp (D:8)
  An adder skeleton (D:4)
  2 worms
  2 dart slugs
  18 orcs
  8 ball pythons
  8 endoplasms
  6 giant cockroaches
  5 goblins
  3 hobgoblins
  11 jackals
  7 kobolds
  5 quokkas
  2 bats
  3 frilled lizards
  4 rats
155 creatures vanquished.

Notes
Turn   | Place    | Note
-------+----------+-------------------------------------------
     0 | Abyss:1  | polve the Demonspawn Abyssal Knight began the quest for the
                  | Orb.
     0 | Abyss:1  | Reached XP level 1. HP: 18/18 MP: 2/2
    79 | Abyss:1  | Noticed a large abomination
   125 | Abyss:1  | Noticed a smoke demon
   129 | Abyss:1  | Noticed a small abomination
   132 | D:1      | Escaped the Abyss
   726 | D:1      | Gained mutation: You have an unusually large brain. (Int
                  | +2) [demonic ancestry]
   726 | D:1      | Reached XP level 2. HP: 14/24 MP: 3/3
   746 | D:1      | Found a faded altar of an unknown god.
   777 | D:1      | Reached * piety under Lugonu
  1516 | D:2      | Gained mutation: Your demonic aura sometimes causes spilled
                  | blood to erupt in flames. [demonic ancestry]
  1516 | D:2      | Reached XP level 3. HP: 28/29 MP: 4/4
  1601 | D:2      | Found a bloodstained altar of Trog.
  1906 | D:2      | Learned a level 1 spell: Sandblast
  2153 | D:2      | Reached ** piety under Lugonu
  2707 | D:3      | Gained mutation: You regenerate a little health from kills.
                  | [demonic ancestry]
  2707 | D:3      | Reached XP level 4. HP: 35/35 MP: 5/5
  2766 | D:3      | Noticed a water moccasin
  2766 | D:3      | Noticed a scorpion
  3074 | D:3      | Noticed a black bear
  3081 | D:3      | Killed a black bear
  3082 | D:3      | Reached XP level 5. HP: 39/41 MP: 6/6
  3085 | D:3      | Learned a level 2 spell: Passwall
  3504 | D:4      | Noticed a phantom
  3537 | D:4      | Killed a phantom
  3735 | D:4      | Reached skill level 5 in Short Blades
  3735 | D:4      | Reached XP level 6. HP: 32/47 MP: 7/7
  3967 | D:4      | Found a snail-covered altar of Cheibriados.
  3978 | D:4      | Noticed a yak
  3979 | D:4      | Noticed a yak
  3979 | D:4      | Noticed a yak
  3980 | D:4      | Noticed a yak
  3980 | D:4      | Noticed a yak
  3980 | D:4      | Noticed a yak
  3998 | D:4      | Killed a yak
  3999 | D:4      | Reached XP level 7. HP: 28/52 MP: 8/8
  4680 | D:4      | Killed a yak
  4696 | D:4      | Killed a yak
  4697 | D:4      | Reached skill level 5 in Earth Magic
  4718 | D:4      | Killed a yak
  4719 | D:4      | Gained mutation: You have sharp fingernails. [demonic
                  | ancestry]
  4719 | D:4      | Reached XP level 8. HP: 44/58 MP: 9/9
  5049 | D:4      | Found a runed translucent gate.
  5049 | D:4      | Found a runed translucent gate.
  5049 | D:4      | Found a runed translucent gate.
  5056 | D:4      | Noticed Lanoc's ghost (amateur DjFE)
  5056 | D:4      | Noticed tilp's ghost (amateur BaSu)
  5544 | D:5      | Entered Level 5 of the Dungeon
  5909 | D:5      | Noticed Sigmund
  5912 | D:5      | Killed Sigmund
  5999 | D:5      | Reached *** piety under Lugonu
  6230 | D:5      | Gained mutation: You have very sharp fingernails. [demonic
                  | ancestry]
  6230 | D:5      | Reached XP level 9. HP: 47/64 MP: 1/10
  6725 | D:5      | Found a staircase to the Ecumenical Temple.
  7367 | D:6      | You fall into a shaft and drop 2 floors!
  7384 | D:7      | Found a runed translucent gate.
  7386 | D:7      | Found a runed translucent gate.
  7386 | D:7      | Found a runed translucent gate.
  7401 | D:7      | Found a runed translucent door.
  7647 | D:6      | Reached skill level 5 in Fighting
  9055 | D:6      | Reached **** piety under Lugonu
  9280 | D:7      | Found a shadowy altar of Dithmenos.
  9442 | D:7      | Found a shimmering altar of Xom.
  9447 | D:7      | Found a shimmering altar of Xom.
  9447 | D:7      | Found a shimmering altar of Xom.
  9447 | D:7      | Found a shimmering altar of Xom.
  9447 | D:7      | Found a shimmering altar of Xom.
  9449 | D:7      | Found a shimmering altar of Xom.
  9578 | D:7      | Found a basalt altar of Yredelemnul.
  9618 | D:7      | Found the +9 staff of Olgreb {rPois∞}
  9623 | D:7      | Found a runed translucent door.
  9863 | D:7      | Succumbed to a redback's poison

Illustrated notes

Levels and vault maps discovered:
D:1:      noname_arrival_rooms_in_the_neighbourhood, layout_basic,
          hellmonk_ecumenical_altar_run_dry, minmay_tetromino_i2
D:2:      layout_loops_cross, basic_altar, minmay_misc_feat_x,
          grunt_ministairs_14, nrook_mini_vaults, kennysheep_boxes
D:3:      layout_basic, grunt_ministairs_11, st_stairs_12,
          lightli_corner_chamber
D:4:      layout_basic, general_overflow_altar, gammafunk_ghost_cemetery,
          minmay_close_crescents
D:5:      cheibrodos_helix_gallery, layout_loops_ring, temple_green,
          grunt_ministairs_6, minmay_misc_feat_square, minivault_19,
          dk_vineyard_1, st_stairs_13, minmay_stone_trees_small, uniq_sigmund
D:6:      layout_loops_ring
D:7:      layout_rooms, kennysheep_ying_yang, xom_redecorated,
          nicolae_dithmenos_the_darkroom, enter_ossuary_3,
          minmay_guarded_unrand_staff_of_olgreb
D:8:      layout_basic, demons_altar, chequers_temple_overflow_minitemple

Skill      XL: |  1  2  3  4  5  6  7  8  9 |
---------------+----------------------------+-----
Short Blades   | 2 3 4 5 6 8 |  8.0
Earth Magic    | 2 4 5 7 8 |  8.0
Fighting       | 7 |  7.6
Armour         | |  1.7
Dodging        | |  0.8
Invocations    | |  2.4

Action                   |  1- 3 |  4- 6 |  7- 9 || total
-------------------------+-------+-------+-------++-------
Melee: Short sword       |    25 |       |       ||    25
       Dagger            |   124 |   137 |   402 ||   663
 Cast: Sandblast         |       |       |    68 ||    68
Invok: Depart the Abyss  |     1 |       |       ||     1
  Use: Potion            |       |       |     1 ||     1
Armor: Leather armour    |    12 |       |       ||    12
       Chain mail        |    61 |       |       ||    61
       Ring mail         |     6 |    29 |    74 ||   109
Dodge: Dodged            |    37 |    63 |   120 ||   220
Block: Other             |       |       |    37 ||    37
       Reflection        |       |       |     2 ||     2

Table legend: (Time is in decaauts)
 A = Elapsed time spent in this place.
 B = Non-inter-level travel time spent in this place.
 C = Inter-level travel time spent in this place.
 D = Time resting spent in this place.
 E = Time spent auto-exploring this place.
 F = Levels seen in this place.
 G = Mean time per level.
                   A        B        C        D        E       F      G
               +--------+--------+--------+--------+--------+-----+--------+
         Total |   9662 |   9278 |    384 |      0 |   7943 |   9 | 1073.6 |
       Dungeon |   9529 |   9145 |    384 |      0 |   7865 |   8 | 1191.1 |
         Abyss |    133 |    133 |      0 |      0 |     78 |   1 |  133.0 |
               +--------+--------+--------+--------+--------+-----+--------+

Top non-repeatable levels by time:
     D:6: 1945 daAuts
     D:4: 1699 daAuts
     D:1: 1439 daAuts
     D:5: 1410 daAuts
     D:3: 1155 daAuts
     D:2: 1031 daAuts
     D:7: 833 daAuts
 Abyss:1: 133 daAuts
     D:8: 14 daAuts
